 Dungeon Crawl Stone Soup version 0.24.0-13-gcf9b319 (webtiles) character file.

Game seed: 10989304839261698221, levelgen mode: deterministic

130 ChonkBoi the Shield-Bearer (level 4, -28/40 HPs)
             Began as a Minotaur Fighter on Jan 14, 2020.
             Was an Initiate of Okawaru.
             Killed from afar by an adder (39 damage)
             ... with an exploding inner flame
             ... hexed by the player character
             ... on level 3 of the Dungeon.
             The game lasted 00:30:13 (2059 turns).

ChonkBoi the Shield-Bearer (Minotaur Fighter)       Turns: 2059, Time: 00:30:14

Health: -28/40     AC:  7    Str: 21    XL:     4   Next: 90%
Magic:  3/3        EV:  4    Int:  5    God:    Okawaru [......]
Gold:   52         SH: 10    Dex: 10    Spells: 3/3 levels left

rFire    . . .     SeeInvis .   a - +0 long sword
rCold    . . .     Gourm    .   c - +0 shield
rNeg     . . .     Faith    .   b - +0 scale mail
rPois    .         Spirit   .   (helmet restricted)
rElec    .         Reflect  .   (no cloak)
rCorr    .         Harm     .   (no gloves)
MR       .....                  (no boots)
Stlth    ..........             (no amulet)
HPRegen  0.13/turn              (no ring)
MPRegen  0.08/turn              (no ring)

@: constricted
A: retaliatory headbutt, horns 2
a: Renounce Religion


You were on level 3 of the Dungeon.
You worshipped Okawaru.
Okawaru was noncommittal.
You were not hungry.

You visited 1 branch of the dungeon, and saw 3 of its levels.

You collected 52 gold pieces.

Inventory:

Hand Weapons
 a - a +0 long sword (weapon)
 d - a +2 quarterstaff of chaos
 t - a +0 vampiric short sword
Missiles
 k - 8 javelins (quivered)
 n - 6 boomerangs of dispersal
 r - 5 boomerangs
Armour
 b - a +0 scale mail (worn)
 c - a +0 shield (worn)
Jewellery
 m - a cursed ring of teleportation {unknown}
 u - an uncursed ring of magical power {unknown}
Scrolls
 g - a scroll of fog
 o - a scroll of identify {unknown}
 p - a scroll of remove curse {unknown}
 q - 3 scrolls of magic mapping
 s - a scroll of blinking {unknown}
Potions
 i - a potion of haste {unknown}
 j - a potion of might
 l - 2 potions of heal wounds {unknown}
 v - a potion of curing {unknown}
Comestibles
 f - a ration
 w - a chunk of flesh


   Skills:
 + Level 4.1 Fighting
 + Level 3.5 Long Blades
 + Level 1.0 Throwing
 + Level 4.2 Armour
 + Level 0.3 Dodging
 * Level 5.2 Shields


You had 3 spell levels left.
You didn't know any spells.
Your spell library was empty.

Dungeon Overview and Level Annotations

Branches:
Dungeon (3/15)

Altars:
Elyvilon
Okawaru
Ru


Innate Abilities, Weirdness & Mutations

You reflexively headbutt those who attack you in melee.
You have a pair of horns on your head.


Message History

The fiery explosion engulfs the goblin!!
The goblin explodes!
The fiery explosion engulfs the goblin!!
The goblin explodes!
The fiery explosion engulfs the goblin!!
You kill the goblin!
Okawaru accepts your kill.
The fiery explosion engulfs the goblin!!
The goblin explodes!
The fiery explosion engulfs the goblin!!!
The goblin explodes!
The fiery explosion engulfs Robin!!
Robin explodes!
The fiery explosion engulfs the hobgoblin!!
The hobgoblin explodes!
The fiery explosion engulfs the adder!
The adder explodes!
The fiery explosion engulfs you!!!
Ouch! That really hurt!
You die...

############ #######
....##.....#########.....####
....##........§§b............
....##.......§§§go...#<..######?#
.....ggS....§§§§@SS.o>^.§.......#
......†.g...§.§§.gw.....§.§......
##g#######################..###.#
.....# ... ..# ##.#.#
########.### ..# #$#.#
###.......... o.# #.#.#
#..._......# .# #.#
#.#.###.......#..#.#.# ..
#.#.##................ .#


You could see an orc priest, a dart slug (inner flame), an orc (inner flame), 2
goblins, a bat (inner flame) and 2 ball pythons.

Vanquished Creatures
  Crazy Yiuf (D:2)
  4 adders (D:2)
  2 worms (D:2)
  A dart slug (D:2)
  A leopard gecko (D:1)
  2 ball pythons
  A giant cockroach (D:1)
  4 goblins
  10 hobgoblins
  6 jackals
  2 quokkas (D:2)
  4 bats
  6 frilled lizards
  6 kobolds
  8 rats
58 creatures vanquished.

Notes
Turn   | Place    | Note
-------+----------+-------------------------------------------
     0 | D:1      | ChonkBoi the Minotaur Fighter began the quest for the Orb.
     0 | D:1      | Reached XP level 1. HP: 19/19 MP: 0/0
   189 | D:1      | Reached XP level 2. HP: 23/27 MP: 1/1
   330 | D:1      | Reached skill level 4 in Shields
   610 | D:1      | You fall into a shaft and drop 1 floor!
   716 | D:2      | Reached XP level 3. HP: 33/33 MP: 2/2
   882 | D:2      | Reached skill level 1 in Throwing
   940 | D:2      | Found a runed translucent door.
   941 | D:2      | Noticed Crazy Yiuf
   950 | D:2      | Killed Crazy Yiuf
   950 | D:2      | Reached XP level 4. HP: 12/40 MP: 3/3
  1627 | D:2      | Reached skill level 5 in Shields
  1995 | D:3      | Found an iron altar of Okawaru.
  1996 | D:3      | Found a sacrificial altar of Ru.
  1996 | D:3      | Found a white marble altar of Elyvilon.
  2018 | D:3      | Became a worshipper of Warmaster Okawaru
  2030 | D:3      | Noticed Robin
  2059 | D:3      | Killed Robin
  2059 | D:3      | Killed from afar by an adder

Levels and vault maps discovered:
D:1:      minmay_arrival_checkered_box, layout_basic
D:2:      layout_loops_corners, kennysheep_generic_room_14,
          uniq_crazy_yiuf_cottage
D:3:      layout_basic, kennysheep_slug_shrine, nicolae_overflow_crystal_walls,
          grunt_temple_overflow_open, hellmonk_ghost_happy_afterlife,
          nicolae_ru_sacrificial_ziggurat, uniq_robin, uniq_jessica

Skill      XL: |  1  2  3  4 |
---------------+-------------+-----
Armour         | 4 |  4.2
Shields        | 4 5 |  5.2
Fighting       | 4 |  4.1
Long Blades    | 3 |  3.5
Throwing       | 1 |  1.0
Dodging        | |  0.3

Action                   |  1- 3 |  4- 6 || total
-------------------------+-------+-------++-------
Melee: Long sword        |    92 |    48 ||   140
       Headbutt          |     6 |    13 ||    19
Throw: Javelin           |     7 |     4 ||    11
  Use: Potion            |     1 |       ||     1
       Scroll            |       |     5 ||     5
  Eat: Chunk             |       |     4 ||     4
Armor: Scale mail        |    30 |    52 ||    82
Dodge: Dodged            |    26 |    25 ||    51
Block: Shield            |    41 |    48 ||    89
       Rpst.: Long sword |     5 |     7 ||    12
